 Dungeon Crawl Stone Soup version 0.15-a0-2036-g5428f20 (console) character file.

159240 Perunasaurus the Tortoise (level 16, 0/134 HPs)
             Began as a Demigod Ice Elementalist on June 20, 2014.
             Slain by a naga warrior
             ... wielding a +0 flail
              (7 damage)
             ... on Level 4 of the Snake Pit on July 13, 2014.
             The game lasted 02:06:52 (45726 turns).

Perunasaurus the Tortoise (DgIE)                   Turns: 45726, Time: 02:06:53

HP   0/134       AC 30     Str 15      XL: 16   Next: 35%
MP   0/32        EV 14     Int 25      God:
Gold 549         SH  0     Dex 21      Spells:  8 memorised,  1 level left

rFire  + . .     SeeInvis .     v - +7 lajatang (vamp)
rCold  . . .     Clarity  .     T - +6 pearl dragon armour
rNeg   + . .     rCorr    .     (no shield)
rPois  .         rRot     .     F - +0 helmet
rElec  .         Spirit   +     B - +0 cloak
SustAb .         Warding  .     n - +0 pair of gloves
rMut   .         Stasis   .     t - +0 pair of boots
Gourm  .                        o - amulet of guardian spirit
MR     ++...                    l - ring of protection from fire
                                Y - ring of poison resistance

@: lethally poisoned, poison vulnerable, regenerating (expiring), constricted,
very resistant to hostile enchantments, very unstealthy
A: clever 1, magic resistance 1, shaggy fur 1, placid magic 1
a: no special abilities
}: 1/15 runes: decaying


You were on level 4 of the Snake Pit.
You were not hungry.

You visited 5 branches of the dungeon, and saw 33 of its levels.
You also visited: Labyrinth.

You collected 3442 gold pieces.
You spent 2893 gold pieces at shops.

Inventory:

Hand weapons
 v - a +7 vampiric lajatang (weapon)
Missiles
 e - 642 stones (quivered)
Armour
 n - a +0 pair of gloves (worn)
 t - a +0 pair of boots (worn)
 B - a +0 cloak (worn)
 F - a +0 helmet (worn)
 T - a +6 pearl dragon armour (worn)
Magical devices
 b - a wand of disintegration (7) {!v}
 p - a wand of paralysis (5) {!v}
 C - a wand of digging (10) {!v}
 J - a wand of cold (2) {!v}
 M - a wand of cold (8) {!v}
 N - a wand of digging (6) {!v}
 Q - a wand of hasting (4) {!v}
 U - a wand of lightning (3) {!v}
Comestibles
 c - 19 bread rations {!e}
 f - 3 beef jerkies {!e}
 r - a royal jelly {!e}
 u - 42 fruits {!e}
 I - 8 rotting chunks of naga flesh {!e}
 W - a rotting chunk of black mamba flesh {!e}
 X - 2 meat rations {!e}
Scrolls
 g - 15 scrolls of remove curse {!r}
 h - 9 scrolls of teleportation {!r}
 k - a scroll of recharging {!r}
 m - 3 scrolls of blinking {!r}
 q - 5 scrolls of fog {!r}
 D - 3 scrolls of magic mapping {!r}
 E - 2 scrolls of fear {!r}
 Z - 5 scrolls of identify {!r}
Jewellery
 a - an uncursed ring of protection from cold
 i - a +4 ring of evasion
 l - a ring of protection from fire (right hand)
 o - an amulet of guardian spirit (around neck)
 y - an uncursed amulet of resist corrosion
 G - an uncursed ring of protection from magic
 K - the amulet of Peace {rMut MR+ SInv}
   (You took it off a crimson imp on level 9 of the Dungeon)

   [amulet of resist mutation]

   It protects you from mutation.
   It affects your resistance to hostile enchantments.
   It enhances your eyesight.
 P - an uncursed amulet of rage
 R - an uncursed amulet of stasis
 Y - a ring of poison resistance (left hand)
Potions
 d - 16 potions of curing {!q}
 j - a potion of might {!q}
 w - 2 potions of cancellation {!q}
 x - 2 potions of heal wounds {!q}
 z - 3 potions of magic {!q}
 A - 7 potions of haste {!q}
 H - 2 potions of invisibility {!q}
 L - a potion of berserk rage {!q}
Books
 s - a book of Battle

   Spells                             Type                      Level
   Infusion                           Charms                       1
   Shroud of Golubria                 Charms/Translocation         2
   Song of Slaying                    Charms                       2
   *Spectral Weapon                   Hexes/Charms                 3
   *Regeneration                      Charms/Necromancy            3
Miscellaneous
 O - a fan of gales


   Skills:
 - Level 10.0 Fighting
   Level 12.0(13.2) Maces & Flails
 - Level 13.3(14.2) Staves
 - Level 15.0 Armour
 - Level 10.0 Dodging
 - Level 1.7 Stealth
 - Level 1.7 Spellcasting
 - Level 0.8 Conjurations
 + Level 5.9 Charms
 - Level 5.8 Ice Magic
 - Level 10.1 Evocations


You had one spell level left.
You knew the following spells:

 Your Spells              Type           Power        Failure   Level  Hunger
a - Freeze                Ice            ###.         1%          1    #......
b - Animate Skeleton      Necr           N/A          17%         1    #......
c - Repel Missiles        Chrm/Air       ##....       7%          2    ##.....
d - Throw Frost           Conj/Ice       ##....       5%          2    ##.....
e - Flight                Chrm/Air       ##........   16%         3    ###....
f - Swiftness             Chrm/Air       ##......     7%          2    ##.....
g - Regeneration          Chrm/Necr      ##........   16%         3    ###....
h - Spectral Weapon       Hex/Chrm       ##......     16%         3    ###....


Dungeon Overview and Level Annotations

Branches:
Dungeon (12/15)            Temple (0/1) D:5             Orc (4/4) D:12
    Elf (0/3) Orc:4          Lair (8/8) D:11          Swamp (5/5) Lair:3
  Snake (4/5) Lair:3        Slime (0/6) Lair:6

Shops:
Orc:1 :   Orc:2 ([((   Orc:3 !=!   Orc:4 :!?:(

Annotations:
D:8 Erolcha
Swamp:5 catsarecewl's ghost, mighty DsFi


Innate Abilities, Weirdness & Mutations

Your mind is acute. (Int +2)
You are resistant to hostile enchantments.
You are covered in fur (AC +1).
Your spells are a little easier to cast, but a little less powerful.


Message History

* * * LOW HITPOINT WARNIN'
* * * Ye be more poison'd.
Tha naga hits ye wit' a long sword!
* * * LOW HITPOINT WARNIN'
* * * Tha naga ritualist hits ye but does nay damage.
Ye be more poison'd.
Tha naga sharpshooter unwields an uncursed shortbow.
Tha naga sharpshooter wields an uncursed hand axe o' freezin'.
It glows wit' a cold blue light!
Tha naga sharpshooter hits yer naga skeleton wit' an uncursed hand axe o' freezin'!
Tha naga sharpshooter freezes yer naga skeleton.
Tha naga sharpshooter hits yer naga skeleton wit' an uncursed hand axe o' freezin'!
Tha naga sharpshooter hits ye wit' an uncursed hand axe o' freezin'.
* * * LOW HITPOINT WARNIN'
* * * Tha naga sharpshooter freezes ye.
* * * LOW HITPOINT WARNIN'
* * * Tha naga sharpshooter completely misses yer naga skeleton.
Yer naga skeleton constricts tha naga sharpshooter.
Tha naga warrior hits ye wit' a flail!
Ye die...

... .........
..........
#..........
#......%..
#........ #......#
#.NNN.## #ZZ@N..#
##.Z(..# ##(...#
##..".# # #.(...#
#. ##.....# #...
##...(.(##
#..###........## .
#..............###
##..


You could see a naga warrior, a naga sharpshooter, a naga ritualist, a naga, a
friendly spectral vampiric lajatang, 2 friendly naga skeletons and a friendly
salamander skeleton.

Vanquished Creatures
  A tentacled monstrosity (Swamp:5)
  Rupert (Lair:6)
  Kirke (Snake:1)
  A greater naga (Snake:4)
  Aizul (Snake:1)
  The ghost of sanka the Thaumaturge, a powerful SpWn of Vehumet (Lair:8)
  A minotaur (Lab)
  2 fire dragons (Swamp:5)
  Fannar (Lair:6)
  Harold (Lair:1)
  18 hydras
  A naga warrior (Snake:4)
  3 anacondas
  2 shambling mangroves
  3 alligators
  2 shock serpents
  5 naga sharpshooters
  4 orc high priests
  A catoblepas (Lair:8)
  6 swamp dragons
  2 naga ritualists
  2 unseen horrors
  2 lindwurms (Swamp:5)
  5 mana vipers
  6 hill giants
  2 red wasps (Swamp:5)
  An orc sorcerer (Orc:3)
  2 griffons
  5 salamanders
  15 black mambas
  A manticore (D:11)
  3 cyclopes
  7 orc knights
  5 elephants
  A gargoyle (D:12)
  Maurice (D:9)
  9 naga magi
  24 spiny frogs
  A molten gargoyle (Swamp:5)
  A kobold demonologist (D:12)
  3 komodo dragons
  5 fire drakes
  A centaur zombie (D:11)
  A queen bee (Lair:5)
  2 trolls
  A polar bear (Lair:8)
  7 giant leeches
  9 slime creatures
  The ghost of hackum the Shield-Bearer, an average FoFi (D:8)
  2 bog bodies
  Prince Ribbit (D:8)
  24 blink frogs
  4 baby alligators (Swamp:1)
  A raiju (shapeshifter) (D:11)
  5 wandering mushrooms (Lair:5)
  5 basilisks
  A deep elf mage (D:12)
  2 hogs (Snake:1)
  A shadow (Swamp:4)
  4 spriggans
  79 yaks
  A wraith (D:12)
  5 hippogriffs
  A hungry ghost (D:10)
  4 wyverns
  A steam dragon (Swamp:5)
  36 vampire mosquitoes
  2 wolves (Lair:3)
  A mottled dragon (D:12)
  Edmund (D:7)
  20 nagas
  3 wargs
  10 porcupines
  20 swamp worms
  32 water moccasins
  2 phantoms
  3 yellow wasps
  30 orc warriors
  3 ice beasts
  2 black bears (Lair:8)
  An elephant zombie (D:11)
  2 sky beasts
  16 swamp drakes
  The ghost of hackum the Covered, an average FoFi (D:9)
  A boring beetle (Lair:7)
  6 ogres
  5 centaurs
  A necrophage (D:7)
  12 crocodiles
  5 big kobolds
  Blork the orc (D:9)
  A wyvern zombie (D:9)
  41 giant frogs
  15 insubstantial wisps
  23 killer bees (Lair:5)
  5 scorpions
  A hippogriff zombie (Lair:8)
  3 wights (D:11)
  5 goliath beetles
  7 electric eels (Lair:8)
  20 hounds
  5 crimson imps
  2 jellies
  26 orc priests
  A quasit (D:11)
  3 centaur skeletons
  A giant frog skeleton (D:10)
  26 orc wizards
  14 iguanas
  7 worker ants
  A statue (D:9)
  23 sheep
  A hound zombie (D:8)
  A crocodile skeleton (D:6)
  56 green rats
  7 gnolls
  4 shadow imps
  29 adders
  3 giant mites
  A goliath beetle zombie (D:11)
  A worm (D:5)
  7 giant geckos
  An ooze (D:1)
  205 orcs
  A ball python (D:4)
  A bat skeleton (D:4)
  22 hobgoblins
  8 jackals
  13 quokkas
  19 bats
  2 giant cockroaches (D:4)
  9 giant newts
  A gnoll zombie (D:6)
  35 goblins
  A goblin skeleton (D:4)
  35 kobolds
  A quokka skeleton (D:8)
  19 rats
  A rat skeleton (D:5)
  A rat zombie (D:6)
  A fungus (Swamp:3)
1254 creatures vanquished.

Vanquished Creatures (collateral kills)
  Roxanne (Snake:2)
  A greater naga (Snake:4)
  10 hydras
  A naga warrior (Snake:4)
  Nessos (Swamp:2)
  A shambling mangrove (Swamp:3)
  An alligator (Swamp:3)
  A naga sharpshooter (Snake:3)
  An orc high priest (Orc:4)
  3 swamp dragons
  7 slime creatures
  8 black mambas
  2 guardian serpents
  2 spiny frogs
  A giant leech (Swamp:3)
  4 blink frogs (Swamp:5)
  3 bog bodies
  A fire elemental (Swamp:5)
  A spriggan (Swamp:3)
  11 swamp worms
  10 vampire mosquitoes
  6 nagas
  3 water moccasins
  2 swamp drakes
  A yellow wasp (Swamp:3)
  An ogre (Orc:4)
  6 insubstantial wisps (Swamp:3)
  3 orc priests (Orc:4)
  4 orcs (Orc:4)
97 creatures vanquished.

Vanquished Creatures (others)
  A swamp dragon (Swamp:5)
  A lindwurm (Swamp:5)
  A centaur skeleton (Swamp:2)
  A fire vortex (Swamp:5)
  2 hydra skeletons
  An air elemental (Swamp:5)
  A fire dragon skeleton (Swamp:5)
  An alligator skeleton (Swamp:5)
  3 black mamba skeletons
  A swamp drake (Swamp:5)
  2 spiny frog skeletons
  A swamp dragon skeleton (Swamp:4)
  A blink frog zombie (Lair:8)
  A fire drake skeleton (Swamp:5)
  3 water moccasin skeletons (Snake:3)
  6 naga skeletons
  A spriggan skeleton (Swamp:1)
  2 giant frog zombies (Lair:8)
  3 giant frog skeletons
  5 sheep (D:6)
  5 swamp drake skeletons
  13 orc skeletons (Orc:4)
  3 orcs
  A goblin (Orc:1)
  A goblin skeleton (Orc:4)
  26 fungi (Lair:8)
  12 plants
99 creatures vanquished.

Grand Total: 1450 creatures vanquished

Notes
Turn   | Place    | Note
--------------------------------------------------------------
     0 | D:1      | Perunasaurus, the Demigod Ice Elementalist, began the quest for the Orb.
     0 | D:1      | Reached XP level 1. HP: 14/14 MP: 3/3
   285 | D:1      | Reached skill level 3 in Ice Magic
   398 | D:1      | Reached XP level 2. HP: 10/20 MP: 0/4
   694 | D:1      | Learned a level 2 spell: Throw Frost
  1422 | D:2      | Reached skill level 1 in Maces & Flails
  1422 | D:2      | Reached XP level 3. HP: 26/26 MP: 5/7
  2201 | D:2      | Reached XP level 4. HP: 33/33 MP: 6/9
  2333 | D:2      | Found a bloodstained altar of Trog.
  2546 | D:2      | Upgraded the game from 0.15-a0-1619-g29500c9 to 0.15-a0-1632-gd490d05
  2866 | D:3      | Reached skill level 4 in Ice Magic
  2992 | D:3      | Found an iron altar of Okawaru.
  3078 | D:4      | Reached XP level 5. HP: 38/38 MP: 5/10
  3310 | D:4      | Found a shattered altar of Ashenzari.
  3827 | D:4      | Noticed a sky beast
  3836 | D:4      | Killed a sky beast
  3836 | D:4      | Reached XP level 6. HP: 36/45 MP: 3/13
  3904 | D:4      | Found a glowing golden altar of the Shining One.
  4245 | D:5      | Entered Level 5 of the Dungeon
  4246 | D:5      | Upgraded the game from 0.15-a0-1632-gd490d05 to 0.15-a0-1646-g393eda0
  4391 | D:5      | Found a staircase to the Ecumenical Temple.
  4399 | D:5      | Reached skill level 5 in Ice Magic
  4551 | D:5      | Reached skill level 5 in Maces & Flails
  4769 | D:5      | Reached XP level 7. HP: 45/50 MP: 9/15
  5255 | D:5      | Reached skill level 6 in Maces & Flails
  5765 | D:6      | Upgraded the game from 0.15-a0-1646-g393eda0 to 0.15-a0-1788-ga796aff
  5765 | D:6      | Upgraded the game from 0.15-a0-1788-ga796aff to 0.15-a0-2036-g5428f20
  6138 | D:5      | Reached skill level 7 in Maces & Flails
  6425 | D:6      | Reached XP level 8. HP: 53/57 MP: 12/17
  6798 | D:6      | Found a shimmering altar of Xom.
  7176 | D:7      | Noticed Edmund
  7222 | D:7      | Killed Edmund
  7222 | D:7      | Reached skill level 8 in Maces & Flails
  7790 | D:7      | Reached skill level 9 in Maces & Flails
  8688 | D:8      | Noticed hackum's ghost (average FoFi)
  8701 | D:8      | Killed hackum's ghost
  8701 | D:8      | Reached skill level 10 in Maces & Flails
  8701 | D:8      | Reached XP level 9. HP: 56/62 MP: 17/18
  8733 | D:8      | Noticed Prince Ribbit
  9275 | D:8      | Killed Prince Ribbit
  9608 | D:8      | Noticed Erolcha
  9901 | D:9      | Noticed Blork the orc
  9910 | D:9      | Killed Blork the orc
  9952 | D:9      | Noticed hackum's ghost (average FoFi)
 10319 | D:9      | Found a shadowy altar of Dithmenos.
 10360 | D:9      | Reached skill level 11 in Maces & Flails
 10899 | D:9      | Found a sparkling altar of Nemelex Xobeh.
 10945 | D:9      | Noticed Maurice
 10996 | D:9      | Killed Maurice
 11090 | D:9      | Learned a level 3 spell: Ozocubu's Armour
 11130 | D:9      | Got a steaming copper amulet
 11132 | D:9      | Identified the amulet of Peace {rMut MR+ SInv} (You took it off a crimson imp on level 9 of the Dungeon)
 11194 | D:9      | Killed hackum's ghost
 11429 | D:9      | Found a radiant altar of Vehumet.
 11587 | D:9      | Reached skill level 12 in Maces & Flails
 11615 | D:10     | Entered Level 10 of the Dungeon
 11639 | D:10     | Reached skill level 1 in Fighting
 11922 | D:10     | Reached skill level 1 in Armour
 12599 | D:10     | Reached XP level 10. HP: 69/71 MP: 20/20
 13623 | D:11     | Killed an unseen horror
 14015 | D:11     | Found a staircase to the Lair.
 14539 | D:11     | Reached skill level 5 in Fighting
 15187 | D:11     | Noticed a hill giant
 15221 | D:11     | Killed a hill giant
 15221 | D:11     | Reached skill level 5 in Armour
 15385 | D:11     | Noticed a manticore
 15398 | D:11     | Killed a manticore
 15398 | D:11     | Reached skill level 5 in Dodging
 15444 | Lair:1   | Entered Level 1 of the Lair of Beasts
 15541 | Lair:1   | Reached XP level 11. HP: 82/86 MP: 21/21
 16060 | Lair:1   | Noticed Harold
 16114 | Lair:1   | Killed Harold
 16392 | Lair:1   | Noticed a seven-headed hydra
 16405 | Lair:1   | Killed a seven-headed hydra
 17078 | Lair:2   | Noticed an eight-headed hydra
 17126 | Lair:2   | Killed an eight-headed hydra
 18348 | Lair:3   | Found a staircase to the Swamp.
 18683 | Lair:3   | Found a staircase to the Snake Pit.
 19296 | Lair:4   | Found a labyrinth entrance.
 19302 | Lab      | Entered a labyrinth
 19390 | Lab      | Reached XP level 12. HP: 71/101 MP: 19/22
 19507 | Lab      | Noticed a minotaur
 19522 | Lab      | Killed a minotaur
 19547 | Lab      | Identified the Handbook of Malediction (You found it in a labyrinth)
 19594 | Lab      | Identified Kixtiw's Reference Book on Boosts and Darkness
 19615 | Lair:4   | Learned a level 2 spell: Repel Missiles
 22984 | Lair:5   | Noticed a seven-headed hydra
 22991 | Lair:5   | Killed a seven-headed hydra
 22991 | Lair:5   | Reached skill level 10 in Armour
 23390 | Lair:6   | Found a viscous altar of Jiyva.
 23391 | Lair:6   | Found a staircase to the Slime Pits.
 23395 | Lair:6   | Noticed Rupert
 23414 | Lair:6   | Killed Rupert
 23517 | Lair:6   | Noticed Fannar
 23626 | Lair:6   | Killed Fannar
 23626 | Lair:6   | Reached XP level 13. HP: 111/111 MP: 23/23
 24400 | Lair:6   | Reached skill level 10 in Dodging
 25227 | Lair:7   | Reached skill level 10 in Fighting
 25249 | Lair:7   | Reached skill level 1 in Staves
 26188 | Lair:8   | Entered Level 8 of the Lair of Beasts
 26296 | Lair:8   | Reached skill level 5 in Staves
 26577 | Lair:8   | Noticed sanka's ghost (powerful SpWn)
 27417 | Lair:8   | Killed sanka's ghost
 29492 | Lair:8   | Reached XP level 14. HP: 121/121 MP: 21/24
 30201 | D:12     | Reached skill level 10 in Staves
 30423 | D:12     | Found a staircase to the Orcish Mines.
 31241 | Orc:1    | Entered Level 1 of the Orcish Mines
 31313 | Orc:2    | Found Cluciegi's Antique Weapon Emporium.
 31486 | Orc:1    | Found Idaum's Book Boutique.
 31542 | Orc:1    | Bought a manual of Armour for 1435 gold pieces
 31892 | Orc:3    | Found an iron altar of Okawaru.
 31898 | Orc:3    | Found Mawot's Distillery.
 31917 | Orc:3    | Bought a potion of cancellation for 60 gold pieces
 31918 | Orc:3    | Bought a potion of heal wounds for 33 gold pieces
 31997 | Orc:3    | Found Ycve's Jewellery Emporium.
 32308 | Orc:3    | Found Trelenes' Distillery.
 32311 | Orc:3    | Bought a potion of cure mutation for 455 gold pieces
 32410 | Orc:3    | Bought a potion of mutation for 27 gold pieces
 32411 | Orc:3    | Gained mutation: You are agile. (Dex +2) [potion of mutation]
 32411 | Orc:3    | Gained mutation: You are covered in fur (AC +1). [potion of mutation]
 32411 | Orc:3    | Lost mutation: You are agile. (Dex +2) [potion of mutation]
 32691 | Lair:8   | Gained mutation: You heal slowly when monsters are visible. [potion of mutation]
 32691 | Lair:8   | Lost mutation: You heal slowly when monsters are visible. [potion of mutation]
 32691 | Lair:8   | Gained mutation: You are resistant to hostile enchantments. [potion of mutation]
 33025 | Orc:2    | Found Imine's Antique Weapon Emporium.
 33352 | Orc:2    | Found Keutoig's Armour Emporium.
 33354 | Orc:2    | Found Troocwoff's Antique Weapon Boutique.
 33362 | Orc:2    | Bought a +0 pair of boots for 63 gold pieces
 33416 | Orc:2    | Found a bloodstained altar of Trog.
 33525 | Orc:4    | Entered Level 4 of the Orcish Mines
 33698 | Orc:4    | Found a staircase to the Elven Halls.
 33702 | Orc:4    | Found Qeivu's Book Shoppe.
 33847 | Orc:4    | Bought a book of Necromancy for 330 gold pieces
 33850 | Orc:4    | Learned a level 1 spell: Animate Skeleton
 34948 | Orc:4    | Gained mutation: Your spells are a little easier to cast, but a little less powerful. [a neqoxec]
 35593 | Orc:4    | Found Ecalleef's Magic Scroll Emporium.
 35594 | Orc:4    | Found Fryorghou's Antique Weapon Emporium.
 35594 | Orc:4    | Found Wiuntoat's Distillery.
 35595 | Orc:4    | Found Vohuimp's Book Shoppe.
 35898 | Swamp:1  | Entered Level 1 of the Swamp
 36259 | Swamp:1  | Reached skill level 13 in Staves
 37010 | Swamp:2  | Noticed Nessos
 37021 | Swamp:2  | Killed Nessos
 37190 | Swamp:2  | Your ally Nessos died
 37258 | Swamp:2  | Learned a level 3 spell: Flight
 37528 | Swamp:2  | Reached XP level 15. HP: 111/126 MP: 21/25
 39212 | Orc:4    | Bought a potion of beneficial mutation for 490 gold pieces
 39214 | Orc:4    | Gained mutation: Your mind is acute. (Int +2) [potion of beneficial mutation]
 39599 | Swamp:4  | Reached skill level 14 in Armour
 40218 | Swamp:5  | Entered Level 5 of the Swamp
 40219 | Swamp:5  | Noticed catsarecewl's ghost (mighty DsFi)
 40716 | Swamp:5  | Reached skill level 15 in Armour
 40759 | Swamp:5  | Reached skill level 1 in Evocations
 41262 | Swamp:5  | Got a decaying rune of Zot
 41287 | Swamp:5  | Reached skill level 5 in Evocations
 41332 | Swamp:5  | Noticed a tentacled monstrosity
 41377 | Swamp:5  | Killed a tentacled monstrosity
 42019 | Lair:1   | Learned a level 2 spell: Swiftness
 42023 | Lair:1   | Learned a level 3 spell: Regeneration
 42027 | Lair:1   | Learned a level 3 spell: Spectral Weapon
 42090 | Snake:1  | Entered Level 1 of the Snake Pit
 42771 | Snake:1  | Noticed Kirke
 42780 | Snake:1  | Killed Kirke
 42909 | Snake:1  | Noticed Aizul
 42930 | Snake:1  | Killed Aizul
 43410 | Snake:2  | Noticed Roxanne
 44049 | Snake:2  | Reached XP level 16. HP: 134/134 MP: 26/31
 44638 | Snake:2  | Killed Roxanne
 44638 | Snake:2  | Reached skill level 10 in Evocations
 44730 | Snake:3  | Reached skill level 1 in Charms
 44796 | Snake:3  | Found a burning altar of Makhleb.
 45410 | Snake:4  | Reached skill level 5 in Charms
 45726 | Snake:4  | Slain by a naga warrior

Action                   |  1- 3 |  4- 6 |  7- 9 | 10-12 | 13-15 | 16-18 || total
-------------------------+-------+-------+-------+-------+-------+-------++-------
Melee: Spear             |    13 |       |       |       |       |       ||    13
       Club              |    28 |    41 |       |       |       |       ||    69
       Whip              |       |    39 |   106 |       |       |       ||   145
       Dire flail        |       |       |   295 |  1522 |       |       ||  1817
       Morningstar       |       |       |       |   110 |   134 |       ||   244
       Lajatang          |       |       |       |       |  2893 |   272 ||  3165
 Fire: Blowgun           |       |       |    51 |    27 |       |       ||    78
Throw: Stone             |    52 |    51 |   280 |   514 |   462 |       ||  1359
 Cast: Freeze            |    47 |    89 |   108 |    35 |       |       ||   279
       Throw Frost       |     1 |    13 |    17 |     4 |       |       ||    35
       Ozocubu's Armour  |       |       |     6 |       |       |       ||     6
       Repel Missiles    |       |       |       |     1 |     7 |     4 ||    12
       Animate Skeleton  |       |       |       |       |    82 |    24 ||   106
       Flight            |       |       |       |       |     1 |       ||     1
       Regeneration      |       |       |       |       |       |    11 ||    11
       Spectral Weapon   |       |       |       |       |       |     2 ||     2
 Abil: Evoke Berserk Rag |       |       |       |     7 |    17 |     1 ||    25
Evoke: Wand              |       |     1 |     4 |     9 |    14 |       ||    28
       Fan of gales      |       |       |       |       |     1 |       ||     1
  Use: Scroll            |       |    14 |    10 |    14 |    15 |     1 ||    54
       Potion            |       |       |       |     3 |    10 |       ||    13
 Stab: Sleeping          |       |     5 |     6 |     1 |       |       ||    12
       Distracted        |       |       |     2 |       |    11 |     3 ||    16
       Confused          |       |       |       |       |     3 |       ||     3
  Eat: Chunk             |       |       |    22 |    41 |    77 |     9 ||   149
       Pizza             |       |       |     1 |       |     1 |       ||     2
       Beef jerky        |       |       |       |     1 |     4 |       ||     5
       Bread ration      |       |       |       |       |     1 |       ||     1
       Fruit             |       |       |       |       |     1 |       ||     1
